 Dungeon Crawl Stone Soup version 0.28.0 (webtiles) character file.

Game seed: 17573098027438620540

455 SnakkuSnakku7 the Insei (level 6, -10/41 HPs)
             Began as a Vampire Fire Elementalist on Feb 14, 2022.
             Mangled by an ogre (22 damage)
             ... on level 4 of the Dungeon.
             The game lasted 00:04:48 (3605 turns).

SnakkuSnakku7 the Insei (Vampire Fire Elementalist) Turns: 3605, Time: 00:04:48

Health: -10/41     AC:  7    Str:  9    XL:     6   Next: 76%
Magic:  9/9        EV: 11    Int: 18    God:
Gold:   12         SH:  0    Dex: 14    Spells: 8/9 levels left

rFire   . . .      SeeInvis +     - Unarmed
rCold   . . .      Faith    .   (no shield)
rNeg    . . .      Spirit   .   l - +0 leather armour
rPois   .          Reflect  .   h - +1 helmet
rElec   .          Harm     .   (no cloak)
rCorr   .          Rampage  .   (no gloves)
Will    .....                   j - +1 pair of boots
Stlth   ++........              (no amulet)
HPRegen 0.33/turn               (no ring)
MPRegen 0.11/turn               (no ring)

@: healing quickly
A: alive, fangs 3, see invisible, vampiric 2
a: Exsanguinate


You were on level 4 of the Dungeon.
You visited 1 branch of the dungeon, and saw 4 of its levels.

You collected 131 gold pieces.
You spent 119 gold pieces at shops.

Inventory:

Missiles
 u - 8 poisoned darts
Armour
 a - a +0 robe
 h - a +1 helmet (worn)
 j - a +1 pair of boots (worn)
 l - a +0 leather armour (worn)
 p - a +0 kite shield
Wands
 k - a wand of iceblast (8)
 w - a wand of acid (3)
Scrolls
 b - a scroll of amnesia {unknown}
 e - 3 scrolls of teleportation {unknown}
 g - a scroll of torment {unknown}
 m - a scroll of immolation
 q - a scroll of magic mapping {unknown}
 v - a scroll of fog {unknown}
Potions
 c - a potion of mutation {unknown}
 d - 2 potions of brilliance {unknown}
 f - 2 potions of might {unknown}
 i - 4 potions of curing
 n - a potion of magic {unknown}
 o - 3 potions of lignification
 r - a potion of attraction {unknown}
 s - a potion of haste {unknown}
 t - 2 potions of heal wounds


   Skills:
 - Level 2.1 Dodging
 - Level 3.0 Stealth
 + Level 7.7 Unarmed Combat
 - Level 2.0 Spellcasting
 - Level 0.6 Conjurations
 - Level 2.4 Fire Magic


You had 8 spell levels left.
You knew the following spells:

 Your Spells              Type           Power      Damage    Failure   Level
a - Foxfire               Conj/Fire      28%        2x1d5     14%         1

Your spell library contained the following spells:

 Spells                   Type           Power      Damage    Failure   Level
 Scorch                   Fire           20%        2d6       14%         2
 Freeze                   Ice            4%         1d3       26%         1
 Summon Small Mammal      Summ           4%         N/A       26%         1
 Conjure Flame            Conj/Fire      7%         6-21      38%         3
 Inner Flame              Hex/Fire       6%         N/A       43%         3
 Frozen Ramparts          Ice            2%         1d2       58%         3
 Swiftness                Air            1%         N/A       58%         3
 Flame Wave               Conj/Fire      7%         2d5       80%         4
 Hailstorm                Conj/Ice       2%         3d3       92%         4
 Summon Cactus Giant      Summ           0%         N/A       100%        6
 Spellforged Servitor     Conj/Summ      1%         N/A       100%        7


Dungeon Overview and Level Annotations

Branches:
Dungeon (4/15)
 Temple: D:4-7

Altars:

Shops:
D:4 ![!


Innate Abilities, Weirdness & Mutations

Your natural rate of healing is accelerated.
You have razor-sharp teeth.
You have supernaturally acute eyesight. (SInv)
You are afflicted with vampirism and can become a bat while bloodless.


Message History

You open the door.
There is an open door here.
HP restored.
w - a wand of acid (4)
You open the door.
There is an open door here.
Found Xaiz's Antique Armour Shoppe.
An ogre comes into view. It is wielding a +0 giant spiked club.
The ogre shouts!
The ogre moves out of view.
Aiming: Corrosive Bolt
Press: ? - help, Shift-Dir - straight line, f - ogre
Aim: an ogre, wielding a +0 giant spiked club (86% to hit)
The bolt of acid hits the ogre!
The acid corrodes the ogre!
The ogre is heavily wounded.
Unknown command.
Unknown command.
You hit the ogre.
The ogre is heavily wounded.
The ogre closely misses you.
You hit the ogre.
The ogre is heavily wounded.
You hit the ogre.
The ogre is severely wounded.
The ogre closely misses you.
You closely miss the ogre.
The ogre is severely wounded.
The ogre barely misses you.
You hit the ogre. Your punch misses the ogre.
The ogre is severely wounded.
You hit the ogre.
The ogre is almost dead.
The ogre hits you with a +0 giant spiked club!!
Ouch! That really hurt!
* * * LOW HITPOINT WARNING * * *
You barely miss the ogre.
The ogre is almost dead.
The ogre hits you with a +0 giant spiked club!!
Ouch! That really hurt!
You die...

### # #.###### ##### #
#.##...# ####.....
####....#.# #......
.....##...# #.#...#
####'##.∩.######..#.#...
##...........##.@O.∩...#
##[.....#.........#.#..#
##..........#.##.#...#
##..........#.##.......
##..........#.#..######
.....######.#.#.##
###########.#.#.#
..........#.#.#.#........
..##.######.#.#.#.....#.#


You could see an ogre (corroded).

Vanquished Creatures
  Sigmund (D:2)
  A howler monkey (D:4)
  A jelly (D:4)
  An orc priest (D:4)
  A centaur skeleton (D:4)
  3 orc wizards
  3 adders
  2 worms (D:2)
  A dart slug (D:3)
  7 orcs
  4 bats
  6 endoplasms
  2 giant cockroaches
  6 goblins
  3 hobgoblins
  7 kobolds
  4 quokkas
  9 ball pythons
  A frilled lizard (D:2)
  A rat (D:2)
64 creatures vanquished.

Vanquished Creatures (others)
  27 foxfires
27 creatures vanquished.

Grand Total: 91 creatures vanquished

Notes
Turn   | Place    | Note
-------+----------+-------------------------------------------
     0 | D:1      | SnakkuSnakku7 the Vampire Fire Elementalist began the quest
                  | for the Orb.
     0 | D:1      | Reached XP level 1. HP: 13/13 MP: 3/3
   199 | D:1      | Found a faded altar of an unknown god.
   222 | D:1      | Reached skill level 1 in Unarmed Combat
   774 | D:2      | Reached skill level 2 in Unarmed Combat
   774 | D:2      | Reached XP level 2. HP: 19/19 MP: 0/5
   872 | D:2      | Got Sif Muna's Handbook of Creative Feathers
  1016 | D:2      | Reached skill level 3 in Unarmed Combat
  1016 | D:2      | Gained mutation: You are afflicted with vampirism and can
                  | become a bat while bloodless. [Vampire growth]
  1016 | D:2      | Reached XP level 3. HP: 24/24 MP: 6/6
  1263 | D:2      | Noticed Sigmund
  1386 | D:2      | Killed Sigmund
  1387 | D:2      | Reached skill level 5 in Unarmed Combat
  1387 | D:2      | Reached XP level 4. HP: 30/30 MP: 7/7
  1387 | D:2      | Reached XP level 5. HP: 35/35 MP: 8/8
  1890 | D:3      | Reached skill level 6 in Unarmed Combat
  2691 | D:4      | Reached XP level 6. HP: 38/41 MP: 9/9
  2892 | D:4      | Found Xutorph's Distillery.
  2900 | D:4      | Bought a potion of heal wounds for 50 gold pieces
  2900 | D:4      | Bought a potion of lignification for 30 gold pieces
  3022 | D:4      | Reached skill level 7 in Unarmed Combat
  3485 | D:4      | Found Ysepynka's Distillery.
  3493 | D:4      | Bought a potion of lignification for 39 gold pieces
  3593 | D:4      | Found Xaiz's Antique Armour Shoppe.
  3605 | D:4      | Mangled by an ogre

Illustrated notes

Levels and vault maps discovered:
D:1:      dpeg_arrival_oval, layout_basic,
          shapermc_ecumenical_altar_starsandcircs
D:2:      layout_basic, minmay_pentomino_p2, uniq_sigmund
D:3:      layout_basic, minmay_close_crescents
D:4:      layout_basic, serial_co_window_serial, co_window_cross_1,
          co_window_of_opportunity_a, co_window_corner_a, co_window_paths_a,
          co_window_paths_a, co_window_corner_a, co_window_corner_a,
          co_window_paths_b, co_window_corner_a, co_window_of_opportunity_b,
          co_window_corner_cb, co_window_paths_c, co_window_corner_cb,
          co_window_broadway_b, co_window_paths_d, glass_columns_a,
          glass_columns_b, glass_columns_a, glass_columns_a, serial_shops,
          nicolae_shop_advertising_works [nicolae_subvault_shop_adworks],
          nicolae_shop_stone, shop, minmay_circle_x

Skill      XL: |  1  2  3  4  5  6 |
---------------+-------------------+-----
Unarmed Combat | 2 3 5 6 7 |  7.7
Dodging        | |  2.1
Stealth        | |  3.0
Spellcasting   | |  2.0
Conjurations   | |  0.6
Fire Magic     | |  2.4

Action                   |  1- 3 |  4- 6 || total
-------------------------+-------+-------++-------
Melee: Unarmed           |   115 |   174 ||   289
       Bite              |    12 |    15 ||    27
       Punch             |       |     4 ||     4
 Cast: Foxfire           |    16 |       ||    16
Evoke: Wand              |     2 |     2 ||     4
  Use: Scroll            |       |     1 ||     1
       Potion            |       |     1 ||     1
 Stab: Sleeping          |     6 |     3 ||     9
Armor: Robe              |    19 |       ||    19
       Leather armour    |       |    52 ||    52
       Skin              |       |    11 ||    11
Dodge: Dodged            |    61 |    77 ||   138
